Map: Alcyone LE

Players

FiveDigitIQ

  • Race: Terran Terran
  • League: Diamond
  • Spawn Location: 7:00

A.I. 2 (Very Easy)

  • Race: Zerg Zerg
  • Spawn Location: 1:00

VOD

Have the link to the VOD?

Description

Time

  • Played on: Aug. 31, 2024, 11:48 a.m.
  • Length: 11:27
Show
View Real Time Build Order
Export as new Build Order

FiveDigitIQ Terran 

Build Orders: Liberator Opening 

Get SALT Encoding   

  12  0:00  SCV  
  13  0:12  SCV  
  14  0:17  Supply Depot  
  14  0:24  SCV  
  15  0:38  SCV  
  15  0:40  Barracks  
  16  0:43  Refinery  
  16  0:50  SCV  
  17  1:02  SCV  
  18  1:15  SCV  
  19  1:26  Reaper  
  19  1:27  SCV  
  21  1:39  Orbital Command  
  21  1:45  Command Center  
  21  1:57  Supply Depot  
  21  1:58  Marine  
  22  2:05  SCV  
  23  2:19  SCV  
  23  2:20  Factory  
  23  2:21  Barracks Reactor  
  24  2:31  SCV  
  24  2:32  Refinery  
  25  2:43  SCV  
  26  2:56  Orbital Command  
  26  3:00  SCV  
  27  3:06  Barracks Tech Lab  
  27  3:11  Hellion x2  
  27  3:12  SCV  
  32  3:16  Supply Depot  
  32  3:18  Starport  
  32  3:23  SCV  
  32  3:24  SCV  
  35  3:35  Hellion, SCV  
  35  3:36  Hellion  
  35  3:41  SCV  
  40  3:47  SCV  
  41  3:49  Supply Depot  
  41  3:53  SCV  
  41  3:54  Liberator  
  45  3:57  Hellion x2  
  45  4:01  SCV  
  50  4:05  SCV  
  51  4:12  Command Center  
  51  4:13  SCV  
  52  4:17  SCV  
  52  4:18  Hellion  
  52  4:20  Armory  
  55  4:24  Hellion  
  55  4:25  SCV  
  55  4:29  SCV  
  59  4:32  Supply Depot  
  59  4:37  SCV  
  60  4:40  Hellion  
  62  4:54  SCV x2  
  66  5:01  Starport Reactor  
  66  5:03  Stimpack  
  66  5:06  SCV  
  65  5:10  SCV  
  65  5:12  Factory Reactor  
  66  5:18  SCV  
  66  5:21  Barracks  
  67  5:22  SCV, Barracks  
  67  5:23  Engineering Bay  
  67  5:24  Engineering Bay  
  67  5:27  Barracks  
  67  5:28  Barracks  
  68  5:29  Marine  
  68  5:30  SCV  
  68  5:34  SCV  
  68  5:42  SCV  
  67  5:45  Refinery  
  67  5:46  Refinery, SCV  
  67  5:47  Supply Depot  
  67  5:48  Marine  
  69  5:50  Terran Infantry Weapons Level 1, Terran Infantry Armor Level 1  
  69  5:54  SCV  
  70  5:58  SCV  
  71  6:05  Supply Depot x2  
  71  6:06  SCV  
  71  6:08  Orbital Command  
  71  6:10  Starport Reactor, SCV  
  73  6:11  Barracks  
  73  6:12  Factory Reactor  
  73  6:15  Barracks x2  
  73  6:24  SCV x2  
  75  6:28  Barracks Reactor x2, Barracks Tech Lab  
  75  6:29  Marine x3  
  78  6:36  SCV x2  
  80  6:46  Marine  
  80  6:47  Marine x2  
  80  6:48  SCV, Medivac x2  
  80  6:53  Combat Shield  
  88  6:56  Concussive Shells  
  88  6:57  Marauder  
  90  7:04  Marine x2  
  90  7:06  Barracks Tech Lab  
  92  7:10  Marine x2  
  92  7:11  Marine x3  
  97  7:17  Marine x2  
  97  7:18  Marine  
  97  7:22  SCV  
  102  7:24  SCV, Marine  
  102  7:25  Marine x2  
  102  7:28  Marine  
  108  7:31  Supply Depot  
  108  7:33  Supply Depot x2  
  108  7:35  Marine  
  109  7:42  Supply Depot  
  109  7:44  Marine x2  
  109  7:46  Terran Infantry Weapons Level 2, Terran Infantry Armor Level 2  
  109  7:53  Medivac x2, Marine x4  
  109  7:54  Marine x7  
  109  7:56  Supply Depot  
  109  7:58  Supply Depot  
  124  8:00  Supply Depot  
  124  8:01  Marine x2  
  126  8:11  Marine x4  
  126  8:12  Marine x7  
  137  8:19  Marine  
  138  8:22  Supply Depot  
  138  8:23  Supply Depot x2, Medivac x2  
  138  8:24  Marine  
  140  8:28  Marine x4  
  140  8:29  Marine x2  
  140  8:30  Marine x4  
  140  8:31  Supply Depot  
  150  8:45  Widow Mine x2  
  154  8:52  Marauder  
  154  8:53  Medivac x2, Marauder x2, Marine x4  
  154  8:54  Marine x2  
  154  8:55  Marine  
  171  8:56  Marine  
  171  9:01  Supply Depot  
  172  9:06  Widow Mine x2  
  172  9:07  Marine x2  
  178  9:11  Marine x2  
  178  9:14  Marauder x3  
  185  9:17  Marine x6  
  191  9:25  Marine x2  
  191  9:29  Marine x2  
  195  9:35  Marauder, Marine  
  195  9:36  Marauder  
  200  9:48  Marine  
  200  9:59  Command Center  
  196  10:11  Marine  
  196  10:12  Marine x5  
Show
View Real Time Build Order
Export as new Build Order

A.I. 2 (Very Easy) Zerg 

Build Orders: Hatch First 

Get SALT Encoding   

  12  0:01  Drone  
  13  0:12  Overlord  
  13  0:16  Drone  
  14  0:42  Hatchery  
  13  0:45  Drone  
  14  1:04  Spawning Pool  
  14  1:05  Extractor  
  14  1:07  Drone  
  13  1:14  Drone  
  14  1:20  Overlord  
  14  1:51  Queen  
  14  1:52  Zergling x2  
  14  1:54  Zergling x2  
  18  1:58  Roach Warren  
  17  2:02  Drone  
  17  2:08  Extractor  
  17  2:11  Drone  
  17  2:15  Zergling x2  
  19  2:20  Drone  
  20  2:28  Drone  
  21  2:35  Drone  
  22  2:42  Drone  
  23  2:49  Drone  
  24  2:56  Drone  
  25  3:03  Drone  
  25  3:05  Roach  
  28  3:06  Overlord  
  28  3:11  Drone  
  29  3:18  Drone  
  30  3:25  Drone  
  31  3:33  Drone  
  32  3:40  Drone  
  33  3:43  Overlord  
  33  3:47  Drone  
  34  3:51  Lair  
  34  3:54  Drone  
  34  3:55  Roach  
  37  4:02  Drone  
  38  4:09  Drone  
  39  4:16  Drone  
  40  4:24  Drone  
  41  4:25  Overlord  
  41  4:31  Drone  
  42  4:38  Drone  
  43  4:45  Drone, Roach  
  45  4:49  Overseer x2  
  45  4:51  Extractor  
  45  4:53  Drone  
  46  5:00  Extractor, Drone  
  46  5:07  Drone  
  47  5:14  Drone  
  47  5:22  Drone  
  48  5:29  Drone  
  49  5:35  Roach  
  49  5:36  Drone  
  44  5:47  Queen  
  44  5:52  Drone  
  42  5:59  Drone  
  36  6:07  Drone  
  31  6:14  Drone  
  23  6:21  Drone  
  21  6:27  Queen  
  18  6:35  Drone  
  2  7:06  Queen  
  2  7:44  Queen  
  2  8:23  Queen  
  2  8:29  Roach  
  4  8:40  Drone  
  5  8:51  Drone  
  6  9:01  Drone  
  7  9:07  Overseer  
  7  9:12  Drone  
  7  9:13  Hatchery  
  7  9:23  Zergling x2  
  6  9:33  Drone  
  7  9:44  Drone  
  8  9:55  Drone  
  6  10:02  Drone  
  6  10:04  Overseer  
  7  10:09  Drone  
  7  10:13  Roach  
  10  10:16  Drone  
  11  10:25  Drone  
  1  10:38  Drone x2  
  2  10:46  Drone  
  3  11:06  Drone  
  3  11:13  Drone  
Tags
 
Add a new tag
Caveats
  • Supply blocks, unpowered buildings, or Contaminate may cause inaccurate times.
  • Supply counts are checked every 10 seconds.